 Dungeon Crawl Stone Soup version 0.27-a0-920-gb2bd10914a (webtiles) character file.

Game seed: 7430588276973552858

9 harryhousin the Sneak (level 1, 0/18 HPs)
             Began as a Demigod Delver on Apr 9, 2021.
             Succumbed to an adder's poison
             ... on level 5 of the Dungeon.
             The game lasted 00:01:12 (30 turns).

harryhousin the Sneak (Demigod Delver)                Turns: 30, Time: 00:01:12

Health: 0/18       AC:  3    Str: 13    XL:     1   Next: 86%
Magic:  3/3        EV: 12    Int: 12    God:
Gold:   0          SH:  0    Dex: 15    Spells: 0/0 levels left

rFire    . . .     SeeInvis .   a - +0 hand axe
rCold    . . .     Faith    .   (no shield)
rNeg     . . .     Spirit   .   b - +0 leather armour
rPois    .         Reflect  .   (no helmet)
rElec    .         Harm     .   (no cloak)
rCorr    .         Rampage  .   (no gloves)
Will     .....                  (no boots)
Stlth    +++.......             (no amulet)
HPRegen  0.06/turn              (no ring)
MPRegen  0.08/turn              (no ring)

@: lethally poisoned (0 -> -1)
A: high mp 1, forlorn
a: no special abilities


You were on level 5 of the Dungeon.
You visited 1 branch of the dungeon, and saw 1 of its levels.

Inventory:

Hand Weapons
 a - a +0 hand axe (weapon)
Armour
 b - a +0 leather armour (worn)
Wands
 g - a wand of digging (3)
Scrolls
 c - a scroll of fog
 d - a scroll of identify {unknown}
 e - a scroll of fear
Potions
 f - a potion of haste


   Skills:
 + Level 2.8 Fighting
 + Level 1.8 Axes
 + Level 1.8 Dodging
 + Level 4.8 Stealth


You couldn't memorise any spells.
You didn't know any spells.
Your spell library was empty.

Dungeon Overview and Level Annotations

Branches:
Dungeon (5/15)
 Temple: D:4-7


Innate Abilities, Weirdness & Mutations

Your attributes grow dramatically as you level up.
You have an increased reservoir of magic. (+10% MP)
You shall have no god before yourself.


Message History

Welcome, harryhousin the Demigod Delver.
The bosom of this dungeon contains the awesome artefact, the Orb of Zot.
Press ? for a list of commands and other information.
Found a stone staircase leading down.
As you read the scroll of magic mapping, it crumbles to dust.
You feel aware of your surroundings.
Press: ? - help, . - travel You can't see that place.
Found a scroll labelled BIUCHE QITEDD.
An adder comes into view.
The adder hisses angrily.
You see here a scroll labelled BIUCHE QITEDD.
d - a scroll labelled BIUCHE QITEDD You miss the adder.
The adder bites you.
You are poisoned.
The adder poisons you! The adder bites you.
You are lethally poisoned!
The adder poisons you!
You hit the adder.
The adder is moderately wounded.
You feel very sick. The adder closely misses you.
You hit the adder.
The adder is heavily wounded.
* * * LOW HITPOINT WARNING * * *
You feel sick. The adder misses you. The adder bites you but does no damage.
You slash the adder!
You kill the adder!
* * * LOW HITPOINT WARNING * * *
You feel sick.
* * * LOW HITPOINT WARNING * * *
You feel sick.
You see here an adder corpse.
* * * LOW HITPOINT WARNING * * *
You feel sick.
Okay, then.
Unknown command.
* * * LOW HITPOINT WARNING * * *
You feel sick.
You die...

,,,,,,,,**,* #.# *,***,,,,
,,,,,,,,,,,* #.# *,,,*,,**
*****,****** #.# ***,*,,* * *,*
#.# *,,,,** * *,* #.# *,**,,, *
*,* #.# ******,****, *****,* #.#
*,,,**,****, ,,,,,,***** #.#
*,*,,,,,,,,, *****,,,,,* #@#
*,,,,,,****, ***,***,######†##
*,,***,* *, *,,,* *.........#
*,,* *,* *, *,*,***.######..#
*,,***,** *, *,*,,,,,*
#..#***,,**,,,***, *,*******
#...,,,,,**,,,,,,, *,*
#....**,*,,,,,,,**
**,***********#..#.#*,*,,,,,,,,,
*,,**,,,,,,,,,...#.#*,*,,,,,,,**


There were no monsters in sight!

Vanquished Creatures
  An adder (D:5)
1 creature vanquished.

Notes
Turn   | Place    | Note
-------+----------+-------------------------------------------
     0 | D:5      | harryhousin the Demigod Delver began the quest for the Orb.
     0 | D:5      | Reached XP level 1. HP: 18/18 MP: 3/3
    30 | D:5      | Succumbed to an adder's poison

Illustrated notes

Levels and vault maps discovered:
D:5:      layout_loops_ring, gammafunk_ghost_cemetery, uniq_grinder

Action                   || total
-------------------------++-------
Melee: Hand axe          ||     4
  Use: Scroll            ||     1
Armor: Leather armour    ||     1
Dodge: Dodged            ||     2

Table legend: (Time is in decaauts)
 A = Elapsed time spent in this place.
 B = Non-inter-level travel time spent in this place.
 C = Inter-level travel time spent in this place.
 D = Time resting spent in this place.
 E = Time spent auto-exploring this place.
 F = Levels seen in this place.
 G = Mean time per level.
                   A        B        C        D        E       F      G
               +--------+--------+--------+--------+--------+-----+--------+
         Total |     30 |     30 |      0 |      0 |      0 |   1 |   30.0 |
       Dungeon |     30 |     30 |      0 |      0 |      0 |   1 |   30.0 |
               +--------+--------+--------+--------+--------+-----+--------+

Top non-repeatable levels by time:
     D:5: 30 daAuts
